Map: Catalyseur EC

Players

HoldTheDoor

  • Race: Protoss Protoss
  • League: Diamond
  • Spawn Location: 11:00

Legionaru - Winner!

  • Race: Zerg Zerg
  • League: Diamond
  • Spawn Location: 5:00

VOD

Have the link to the VOD?

Description

Time

  • Played on: July 14, 2018, 3:23 p.m.
  • Length: 11:10
Show
View Real Time Build Order
Export as new Build Order

HoldTheDoor Protoss 

Build Orders: Oracle Opening 

Get SALT Encoding   

  12  0:00  Probe  
  13  0:18  Probe  
  13  0:19  Pylon  
  14  0:30  Probe  
  15  0:39  Gateway  
  15  0:40  Probe  
  15  0:48  Probe  
  15  0:49  Assimilator  
  17  0:57  Assimilator, Probe  
  18  1:14  Probe  
  19  1:23  Gateway  
  19  1:26  Probe  
  19  1:30  Cybernetics Core  
  20  1:37  Zealot  
  20  1:38  Probe  
  23  1:51  Pylon  
  23  2:09  Warp Gate, Probe  
  24  2:18  Stargate  
  24  2:21  Probe  
  24  2:22  Adept  
  25  2:26  Zealot  
  29  2:33  Probe  
  30  2:37  Pylon  
  30  2:51  Zealot  
  30  2:57  Probe  
  33  3:01  Zealot  
  35  3:06  Oracle  
  38  3:25  Pylon  
  38  3:32  Nexus  
  38  3:33  Oracle  
  38  3:34  Probe  
  39  3:45  Protoss Air Weapons Level 1  
  42  3:49  Probe  
  43  3:57  Pylon  
  43  4:01  Probe  
  44  4:11  Oracle  
  44  4:15  Probe  
  48  4:27  Probe  
  49  4:43  Oracle  
  52  5:08  Oracle  
  52  5:18  Gateway  
  52  5:21  Probe x2  
  57  5:22  Pylon  
  57  5:23  Pylon  
  57  5:25  Assimilator  
  57  5:26  Pylon  
  57  5:33  Probe x2  
  59  6:02  Zealot x2  
  63  6:05  Oracle  
  63  6:09  Probe x2  
  63  6:10  Twilight Council  
  68  6:16  Pylon  
  68  6:19  Assimilator  
  68  6:20  Zealot  
  68  6:21  Probe x2  
  72  6:28  Stalker  
  72  6:29  Stalker  
  76  6:33  Probe  
  76  6:34  Probe  
  78  6:42  Oracle  
  78  6:45  Probe, Pylon  
  78  6:46  Probe  
  83  6:48  Zealot  
  85  6:56  Zealot  
  85  6:57  Zealot  
  85  6:58  Probe  
  85  7:00  Charge, Protoss Air Armor Level 1  
  90  7:04  Gateway  
  90  7:07  Probe  
  91  7:10  Probe  
  91  7:13  Zealot  
  94  7:19  Pylon  
  94  7:20  Probe  
  94  7:22  Oracle  
  98  7:23  Stargate  
  98  7:31  Zealot x2  
  98  7:34  Probe x2  
  104  7:46  Nexus  
  104  7:48  Pylon  
  104  8:06  Oracle  
  107  8:23  Zealot x3  
  113  8:30  Oracle  
  116  8:35  Probe x2  
  116  8:37  Assimilator  
  116  8:40  Pylon  
  118  8:43  Pylon  
  118  8:47  Probe x2, Oracle  
  123  8:50  Zealot  
  125  8:56  Pylon  
  125  9:02  Gateway  
  125  9:03  Gateway  
  125  9:05  Gateway  
  125  9:12  Pylon  
  125  9:14  Oracle  
  125  9:15  Pylon  
  125  9:16  Pylon  
  128  9:25  Zealot  
  128  9:26  Zealot x3  
  128  9:28  Probe x3  
  139  9:43  Oracle  
  142  9:51  Oracle  
  111  10:20  Zealot  
  111  10:21  Zealot x3  
  110  10:40  Nexus  
  110  10:43  Pylon  
  110  10:46  Pylon  
  110  10:47  Zealot x2  
  110  10:48  Zealot x2  
Show
View Real Time Build Order
Export as new Build Order

Legionaru Zerg - Winner!

Build Orders: Pool First 

Get SALT Encoding   

  12  0:00  Drone  
  13  0:08  Drone  
  14  0:17  Overlord  
  14  0:35  Drone x3  
  17  0:46  Spawning Pool  
  17  0:48  Drone  
  17  1:00  Drone  
  18  1:12  Drone  
  19  1:25  Hatchery  
  18  1:26  Overlord  
  18  1:30  Extractor  
  18  1:31  Drone  
  18  1:40  Queen  
  18  1:41  Zergling x2  
  21  1:52  Zergling x2  
  22  2:05  Hatchery  
  21  2:09  Drone  
  22  2:16  Zergling x2  
  22  2:22  Queen  
  23  2:26  Zergling x2  
  26  2:33  Metabolic Boost  
  26  2:47  Drone x3  
  28  3:02  Drone x4  
  28  3:03  Drone  
  33  3:10  Overlord  
  33  3:11  Extractor  
  32  3:15  Drone  
  33  3:25  Lair  
  33  3:35  Drone x4  
  33  3:36  Drone  
  38  3:43  Drone x2  
  40  3:52  Drone x4  
  40  3:55  Drone x2  
  46  4:06  Spore Crawler  
  46  4:08  Spore Crawler  
  44  4:11  Spore Crawler  
  44  4:14  Spore Crawler  
  44  4:16  Spore Crawler  
  41  4:19  Spore Crawler  
  38  4:34  Drone x8  
  38  4:35  Drone  
  46  4:53  Extractor, Queen x2  
  46  4:54  Extractor  
  46  4:55  Overlord  
  48  5:01  Overlord  
  48  5:02  Overlord  
  48  5:10  Roach Warren  
  47  5:22  Queen  
  47  5:23  Spine Crawler  
  47  5:24  Drone x2  
  47  5:25  Spine Crawler  
  49  5:30  Drone x2  
  49  5:34  Drone x3  
  54  5:40  Evolution Chamber  
  53  5:46  Pneumatized Carapace  
  53  5:48  Drone x3  
  54  6:05  Spore Crawler  
  54  6:06  Spore Crawler  
  54  6:07  Roach, Spine Crawler  
  54  6:08  Roach  
  55  6:28  Roach, Overlord x5  
  55  6:29  Overlord  
  55  6:31  Zerg Ground Armor Level 1  
  57  6:48  Drone x8  
  65  6:54  Extractor  
  65  6:55  Extractor  
  65  6:58  Queen x2  
  67  7:07  Glial Reconstitution  
  67  7:14  Hydralisk Den  
  66  7:23  Drone x7  
  66  7:24  Drone x3  
  76  7:40  Overseer x2  
  76  7:48  Spore Crawler  
  76  7:50  Spore Crawler x2  
  67  8:09  Hydralisk  
  67  8:10  Hydralisk x12  
  93  8:29  Zerg Missile Weapons Level 1  
  93  8:31  Grooved Spines  
  93  8:37  Hatchery  
  93  8:38  Lair  
  92  8:53  Spore Crawler x2  
  92  8:54  Spore Crawler  
  89  8:56  Spore Crawler  
  89  8:57  Drone x6  
  94  9:11  Queen  
  96  9:17  Hydralisk x2  
  96  9:20  Overlord x2  
  100  9:38  Hydralisk x3  
  100  9:39  Hydralisk  
  100  9:43  Muscular Augments  
  108  9:46  Queen  
  108  9:47  Spore Crawler  
  108  9:49  Spore Crawler  
  102  10:09  Hydralisk x9  
  113  10:26  Drone x6  
  117  10:32  Queen  
  117  10:33  Queen  
  117  10:34  Spore Crawler x2  
  117  10:35  Spore Crawler  
Tags
 
Add a new tag
Caveats
  • Supply blocks, unpowered buildings, or Contaminate may cause inaccurate times.
  • Supply counts are checked every 10 seconds.